 Dungeon Crawl Stone Soup version 0.30-a0-639-g3916f1956a (webtiles) character file.

Game seed: 1110951222266716875

76533 ragingrage the Unseen (level 15, -6/101 HPs)
             Began as an Octopode Fire Elementalist on Jan 15, 2023.
             Was an Initiate of Gozag.
             Shot with a bolt by an orc knight (9 damage)
             ... on level 2 of the Orcish Mines on Jan 16, 2023.
             The game lasted 01:04:19 (45323 turns).

ragingrage the Unseen (Octopode Fire Elementalist) Turns: 45323, Time: 01:04:20

Health: -6/101     AC: 11    Str: 18    XL:     15   Next: 53%
Magic:  31/42      EV: 24    Int: 25    God:    Gozag
Gold:   4297       SH:  0    Dex: 17    Spells: 3/26 levels left

rFire   + + .      SeeInvis +    a - staff of fire
rCold   . . .      Faith    .    (no shield)
rNeg    . . .      Spirit   .    u - +2 hat {Stlth+}
rPois   .          Reflect  .    (no amulet)
rElec   .          Harm     .    h - +5 ring of evasion
rCorr   .          Rampage  .    U - ring "Sucuu" {Fire *Corrode MP+9 Str+5}
Will    ++...                    m - ring of Xom's Wantonness {Str+6 Int+2 Dex+2}
Stlth   ++++++++                 Q - ring of magical power
HPRegen 0.36/turn                i - ring of the Tortoise {AC+8}
MPRegen 0.28/turn                N - ring of protection from cold
                                 Y - ring of see invisible
                                 T - ring of willpower

@: no status effects
A: almost no armour, amphibious, 8 rings, camouflage 1, gelatinous body 1,
(nimble swimmer 1), tentacles
a: Renounce Religion, Potion Petition, Call Merchant, Bribe Branch


You were on level 2 of the Orcish Mines.
You worshipped Gozag.
Gozag was most pleased with you.
You visited 4 branches of the dungeon, and saw 20 of its levels.
You also visited: Sewer and Ice Cave.

You collected 7936 gold pieces.
You spent 2748 gold pieces at shops.
You paid 891 gold pieces to Gozag.

Inventory:

Hand Weapons
 b - a +0 demon whip of venom
 p - the +0 rapier of Paper {drain, rElec rN+++ Int-4 Stlth-}
   (You found it on level 3 of the Dungeon)

   Int:       It affects your intelligence (-4).
   rElec:     It insulates you from electricity.
   rN:        It renders you almost immune to negative energy.
   Stlth:     It makes you less stealthy.
 E - a +5 hand crossbow
 F - a +1 scimitar of electrocution
Missiles
 d - 59 poisoned darts
 l - 4 throwing nets
 O - 3 curare-tipped darts
Armour
 u - a +2 hat of stealth (worn)
Magical Staves
 a - a staff of fire (weapon)
Jewellery
 h - a +5 ring of evasion (left tentacle)
 i - the ring of the Tortoise (on tentacle) {AC+8}
   (You bought it in a shop on level 2 of the Dungeon)

   [ring of protection]

   AC:        It affects your AC (+8).
 j - a ring of willpower
 m - the ring of Xom's Wantonness (on tentacle) {Str+6 Int+2 Dex+2}
   (You acquired it on level 4 of the Dungeon)

   [ring of strength]

   Str:       It affects your strength (+6).
   Int:       It affects your intelligence (+2).
   Dex:       It affects your dexterity (+2).
 q - a ring of resist corrosion
 N - a ring of protection from cold (on tentacle)
 P - a ring of poison resistance
 Q - a ring of magical power (on tentacle)
 T - a ring of willpower (on tentacle)
 U - the ring "Sucuu" (right tentacle) {Fire *Corrode MP+9 Str+5}
   (You found it on level 5 of the Lair of Beasts)

   [ring of fire]

   It enhances your fire magic.
   Str:       It affects your strength (+5).
   rF:        It protects you from fire.
   rC:        It makes you vulnerable to cold.
   MP:        It affects your magic capacity (+9).
   *Corrode:  It may corrode you when you take damage.
 Y - a ring of see invisible (on tentacle)
Wands
 n - a wand of mindburst (1)
 r - a wand of acid (2)
 y - a wand of flame (78)
Scrolls
 g - 6 scrolls of teleportation
 s - 2 scrolls of brand weapon
 x - a scroll of butterflies
 z - 3 scrolls of immolation
 A - a scroll of identify
 B - 5 scrolls of fear
 D - 3 scrolls of vulnerability
 H - 2 scrolls of blinking
 I - 4 scrolls of magic mapping
 M - 2 scrolls of fog
 S - 3 scrolls of poison
Potions
 c - 6 potions of curing
 e - 7 potions of attraction
 f - 10 potions of ambrosia
 k - 2 potions of resistance
 o - a potion of magic
 v - 3 potions of cancellation
 w - 3 potions of heal wounds
 C - 5 potions of flight
 G - 2 potions of mutation
 J - 2 potions of might
 L - 6 potions of lignification
 V - a potion of brilliance
 W - 2 potions of haste
Miscellaneous
 t - a phial of floods (inert)
 Z - a tin of tremorstones (inert)


   Skills:
 - Level 9.0 Fighting
 - Level 10.0 Dodging
 - Level 15.0 Stealth
 + Level 6.4 Spellcasting
 - Level 8.0 Conjurations
 - Level 3.0 Translocations
 + Level 10.7 Transmutations
 - Level 10.0 Fire Magic
 - Level 5.0 Ice Magic
 + Level 10.9 Air Magic
 - Level 4.0 Poison Magic
 + Level 3.2 Evocations


You had 3 spell levels left.
You knew the following spells:

 Your Spells              Type           Power      Damage    Failure   Level
a - Ozocubu's Armour      Ice            33%        N/A       2%          3
b - Scorch                Fire           100%       2d10      1%          2
c - Flame Wave            Conj/Fire      88%        2d19      1%          4
d - Irradiate             Conj/Tmut      26%        3d20      4%          5
e - Foxfire               Conj/Fire      100%       2x1d9     1%          1
f - Olgreb's Toxic Radia  Pois           28%        N/A       13%         4
g - Wereblood             Tmut           57%        N/A       1%          2
h - Blink                 Tloc           46%        N/A       3%          2

Your spell library contained the following spells:

 Spells                   Type           Power      Damage    Failure   Level
 Beastly Appendage        Tmut           100%       N/A       1%          1
 Sting                    Tmut/Pois      100%       1d8       1%          1
 Poisonous Vapours        Pois/Air       90%        N/A       1%          2
 Ignite Poison            Fire/Tmut/Pois 84%        N/A       1%          3
 Kindle Blastsparks       Fire/Tloc/Air  100%       2d18      1%          3
 Spider Form              Tmut/Pois      45%        N/A       1%          3
 Inner Flame              Hex/Fire       65%        N/A       2%          3
 Slow                     Hex            32%        N/A       7%          1
 Sublimation of Blood     Necr           8%         N/A       11%         2
 Confusing Touch          Hex            8%         N/A       22%         3
 Summon Guardian Golem    Hex/Summ       8%         N/A       22%         3
 Vampiric Draining        Necr           8%         2d6       22%         3
 Blade Hands              Tmut           28%        N/A       2%          5
 Petrify                  Tmut/Erth      34%        N/A       8%          4
 Freezing Cloud           Conj/Ice/Air   24%        6-21      8%          5
 Manifold Assault         Tloc           23%        N/A       21%         4
 Cause Fear               Hex            4%         N/A       56%         4
 Leda's Liquefaction      Hex/Erth       4%         N/A       56%         4
 Metabolic Englaciation   Hex/Ice        10%        N/A       56%         5
 Storm Form               Tmut/Air       29%        N/A       56%         7
 Dragon Form              Tmut           28%        N/A       58%         7
 Statue Form              Tmut/Erth      22%        N/A       77%         6
 Summon Mana Viper        Hex/Summ       8%         N/A       89%         5
 Summon Hydra             Summ           4%         N/A       100%        7
 Discord                  Hex            4%         N/A       100%        8
 Dragon's Call            Summ           4%         N/A       100%        9
 Fire Storm               Conj/Fire      44%        8d11      100%        9
 Simulacrum               Ice/Necr       Unusable   N/A       N/A         6

Dungeon Overview and Level Annotations

Branches:
Dungeon (12/15)            Temple (1/1) D:7            Lair (5/5) D:11
  Swamp (0/4) Lair:2       Spider (0/4) Lair:2          Orc (2/2) D:11
    Elf (0/3) Orc:2         Sewer (visited)           IceCv (visited)
  Slime: Lair:4-5

Altars:
Elyvilon
Fedhas
Gozag
Hepliaklqana
Kikubaaqudgha
Makhleb
Nemelex Xobeh
Okawaru
Qazlal
Ru
Sif Muna
Trog
Uskayaw
Vehumet
Wu Jian
Xom
Zin
The Shining One

Shops:
D:2 =   D:8 ?   Orc:1 =

Annotations:
D:8 exclusion: downstairs
Lair:4 2 transporters, 1 runed translucent door, wormed's ghost, journeyman MiBe
Orc:1 1 runed translucent door, Wekumecuw's ghost, journeyman DsFi


Innate Abilities, Weirdness & Mutations

You cannot wear most types of armour.
You are amphibious.
You can wear up to eight rings at the same time.
Your skin changes colour to match your surroundings (Stealth+).
Your rubbery body absorbs attacks. (AC +1, EV +1)
((You are camouflaged when in or above water. (Stealth+)))
You have tentacles for arms and can constrict up to eight enemies at once.


Message History

Confirm with . or Enter, or press ? or * to list all spells.
Okay, then.
Casting: Scorch (safe; 1% risk of failure)
Confirm with . or Enter, or press ? or * to list all spells.
Casting: Flame Wave (mildly dangerous; 1% risk of failure)
Press: ? - help, Dir - look around, f - activate You feel a strong surge of power!
A wave of flame ripples out!
The flame wave engulfs the orc knight!!
The orc knight is burned terribly!
The orc knight is heavily wounded. (Press . to intensify the flame waves.)
A wave of flame ripples out!
The flame wave engulfs the orc knight!!
The orc knight is burned terribly!
The orc knight is severely wounded.
You hear a shout! x2
The orc knight completely misses you.
A wave of flame ripples out!
The flame wave engulfs the orc knight but does no damage.
The orc knight is severely wounded.
You finish channelling waves of flame.
The orc knight hits you with a +1 heavy great sword!!!
Ouch! That really hurt!
* * * LOW HITPOINT WARNING * * *
As you read the scroll of fear, it crumbles to dust.
You assume a fearsome visage.
The orc knight looks frightened!
The orc knight easily resists.
Unknown command.
Press: ? - help, v - describe, . - travel
Here: an orc knight, wielding a +1 heavy great sword and wearing a +0 plate armour (severely wounded, strong, more vulnerable to fire)
The floor.
Unknown command.
Blink to where?
Press: ? - help, Dir - move target Your icy armour will break if you move.
Continue?
Your icy armour cracks and falls away as you move.
As you read the scroll of blinking, it crumbles to dust.
The orc knight unwields a +1 heavy great sword.
The orc knight wields a +0 arbalest.
The orc knight shoots a bolt.
The bolt hits you!
You die...
Your body crumbles into a pile of gold.

##.##.......................
###......................).
##..........#..............
###.......#..................
##.#.........)..).............
#......#.....[.........o......
##...........[[)[.......).....
##...........[[...#..[)[[.....
##.#.#......[[@[[(....[)<[[....
#.............)........).[[.o..
##....#......#.....§o....)..o..
###.###....###......#.........
### ##.####..............)<.
### ##.####.#.#......# ###
############


You could see an orc knight (strong, combustible).

Vanquished Creatures
  Gastronok (Lair:3)
  Donald (Orc:2)
  An orc warlord (Orc:1)
  Azrael (Orc:1)
  3 centaur warriors (D:11)
  An ogre mage (D:11)
  5 hydras
  10 two-headed ogres
  A merfolk avatar (Lair:5)
  9 boulder beetles
  Sonja (Lair:4)
  Amaemon (D:9)
  A sea snake (Lair:5)
  A skeletal warrior (D:11)
  A lindwurm (Lair:5)
  A deep elf pyromancer (D:11)
  3 harpies (Lair:5)
  6 orc knights
  2 ugly things (D:11)
  9 cyclopes
  2 manticores (D:11)
  An orc sorcerer (Orc:1)
  Maurice (D:11)
  2 elephants (Lair:5)
  4 black mambas
  An orange demon (D:9)
  A torpor snail (Lair:1)
  A gargoyle (D:7)
  8 cane toads
  7 komodo dragons
  An unseen horror (D:11)
  12 rime drakes
  An anaconda simulacrum (IceCv)
  An efreet (D:11)
  A freezing wraith (IceCv)
  A queen bee (D:11)
  2 polar bears (Lair:5)
  7 saltlings (Orc:2)
  9 trolls
  16 blink frogs
  Prince Ribbit (D:5)
  A snapping turtle (Lair:5)
  A shadow (D:11)
  A centaur simulacrum (D:11)
  12 wyverns
  52 yaks
  2 wraiths
  5 fire elementals (Orc:1)
  A basilisk (Lair:2)
  Grum (D:9)
  7 steam dragons
  2 vampire mosquitoes (D:11)
  Menkaure (D:5)
  An acid dragon (D:11)
  3 hell hounds (Orc:1)
  A warg (Orc:2)
  11 water moccasins
  26 orc warriors
  A swamp drake (D:11)
  3 ice beasts
  3 sky beasts
  7 centaurs
  7 ogres
  17 wolves
  4 phantoms
  8 kobold brigands
  Blork the orc (D:6)
  A necrophage (D:7)
  2 scorpions (D:5)
  15 bullfrogs
  2 gnoll sergeants
  2 cane toad simulacra (IceCv)
  12 wights
  25 killer bees
  3 elephant simulacra (IceCv)
  6 howler monkeys
  3 jellies
  A gnoll bouda (D:3)
  16 orc priests
  3 iguanas
  19 orc wizards
  Robin (D:3)
  16 gnolls
  6 river rats
  15 adders
  A shadow imp (D:6)
  5 white imps
  2 ufetubi
  6 worms
  3 dart slugs
  77 orcs
  8 endoplasms
  A giant cockroach (D:3)
  5 hobgoblins
  3 jackals (D:2)
  13 kobolds
  5 quokkas
  14 ball pythons
  5 bats
  8 frilled lizards
  11 goblins
  11 rats
  A pillar of salt (Orc:2)
645 creatures vanquished.

Vanquished Creatures (collateral kills)
  3 foxfires
3 creatures vanquished.

Vanquished Creatures (others)
  An orc warrior (Orc:2)
  An orc (Orc:2)
  1851 foxfires
  32 fungi
  15 pillars of salt (Orc:2)
  76 plants
1976 creatures vanquished.

Grand Total: 2624 creatures vanquished

Notes
Turn   | Place    | Note
-------+----------+-------------------------------------------
     0 | D:1      | ragingrage the Octopode Fire Elementalist began the quest
                  | for the Orb.
     0 | D:1      | Reached XP level 1. HP: 11/11 MP: 3/3
   298 | D:1      | Reached XP level 2. HP: 17/17 MP: 0/5
   997 | D:1      | Reached skill level 3 in Stealth
  1075 | D:1      | Reached XP level 3. HP: 21/21 MP: 3/6
  1507 | D:2      | Found Xoreshrea's Jewellery Boutique.
  2197 | D:2      | Reached XP level 4. HP: 26/27 MP: 3/7
  2998 | D:2      | Learned a level 2 spell: Scorch
  3409 | D:2      | Found a hazy altar of Hepliaklqana.
  3959 | D:3      | Reached skill level 4 in Stealth
  4053 | D:3      | Identified the +0 rapier of Paper {drain, rElec rN+++ Int-4
                  | Stlth-}
  4127 | D:3      | Reached XP level 5. HP: 31/31 MP: 5/8
  4227 | D:3      | Reached skill level 5 in Stealth
  4257 | D:3      | Found a glowing drain.
  4265 | Sewer    | Entered a sewer
  4469 | Sewer    | Noticed a kobold brigand
  4484 | Sewer    | Reached XP level 6. HP: 27/36 MP: 4/9
  4485 | Sewer    | Reached skill level 5 in Fire Magic
  4618 | Sewer    | Reached skill level 1 in Fighting
  4801 | Sewer    | Reached skill level 6 in Stealth
  4801 | Sewer    | Reached XP level 7. HP: 40/43 MP: 4/10
  5176 | Sewer    | Reached skill level 7 in Stealth
  5943 | D:3      | Noticed Robin
  5969 | D:3      | Killed Robin
  6365 | D:3      | Reached XP level 8. HP: 9/51 MP: 1/11
  6752 | D:4      | Reached skill level 8 in Stealth
  7323 | D:4      | Learned a level 4 spell: Flame Wave
  8089 | D:5      | Entered Level 5 of the Dungeon
  8134 | D:5      | Reached skill level 9 in Stealth
  8441 | D:4      | Identified a scroll of acquirement
  8441 | D:4      | Acquired the ring of Xom's Wantonness {Str+6 Int+2 Dex+2}
  8651 | D:5      | Noticed Menkaure
  8656 | D:5      | Killed Menkaure
  8790 | D:5      | Reached skill level 10 in Stealth
  8931 | D:5      | Reached XP level 9. HP: 58/58 MP: 4/12
  9025 | D:5      | Reached skill level 5 in Dodging
  9403 | D:5      | Noticed Prince Ribbit
  9756 | D:5      | Reached skill level 11 in Stealth
 10121 | D:6      | Noticed Blork the orc
 10135 | D:6      | Killed Blork the orc
 10337 | D:6      | Noticed a two-headed ogre
 10877 | D:5      | Killed Prince Ribbit
 10878 | D:5      | Reached skill level 5 in Fighting
 12075 | D:7      | Reached skill level 12 in Stealth
 12212 | D:7      | Noticed a gargoyle
 12366 | D:7      | Found a staircase to the Ecumenical Temple.
 12375 | Temple   | Entered the Ecumenical Temple
 12392 | Temple   | Became a worshipper of Gozag Ym Sagoz the Greedy
 12664 | D:7      | Learned a level 3 spell: Kindle Blastsparks
 12843 | D:7      | Found a burning altar of Makhleb.
 13397 | D:8      | Reached skill level 1 in Air Magic
 13426 | D:8      | Reached skill level 1 in Translocations
 13491 | D:9      | Reached XP level 10. HP: 67/67 MP: 4/13
 13764 | D:8      | Found an ancient bone altar of Kikubaaqudgha.
 14024 | D:9      | Reached skill level 13 in Stealth
 14781 | D:8      | Found The Oracle's Delphic Readings.
 14785 | D:8      | Bought a scroll of fear for 64 gold pieces
 14785 | D:8      | Bought a scroll of butterflies for 64 gold pieces
 15182 | D:9      | Noticed Amaemon
 15234 | D:9      | Killed Amaemon
 15237 | D:9      | Noticed an orange demon
 15400 | D:9      | Killed an orange demon
 16048 | D:9      | Reached skill level 14 in Stealth
 16575 | D:9      | Noticed Grum
 16900 | D:9      | Killed Grum
 16972 | D:10     | Entered Level 10 of the Dungeon
 17393 | D:10     | Noticed a kobold demonologist
 18454 | D:10     | Reached XP level 11. HP: 74/74 MP: 6/14
 19798 | D:10     | Reached skill level 15 in Stealth
 20877 | D:11     | Noticed a cyclops
 21177 | D:2      | Bought a ring of poison resistance for 260 gold pieces
 21524 | D:6      | Found a sacrificial altar of Ru.
 21524 | D:6      | Found a glowing silver altar of Zin.
 23388 | D:11     | Noticed a deep elf pyromancer
 23586 | D:11     | Killed a deep elf pyromancer
 23587 | D:11     | Reached skill level 5 in Conjurations
 23771 | D:11     | Noticed a two-headed ogre
 23780 | D:11     | Killed a two-headed ogre
 24059 | D:11     | Noticed a cyclops
 24068 | D:11     | Killed a cyclops
 24199 | D:11     | Found a staircase to the Lair.
 24393 | D:11     | Noticed a two-headed ogre
 24402 | D:11     | Killed a two-headed ogre
 24725 | D:11     | Found a staircase to the Orcish Mines.
 25081 | D:11     | Noticed a cyclops
 25081 | D:11     | Noticed a six-headed hydra
 25098 | D:11     | Noticed a cyan ugly thing
 25099 | D:11     | Killed a cyclops
 25099 | D:11     | Killed a six-headed hydra
 25099 | D:11     | Killed a cyan ugly thing
 25100 | D:11     | Reached XP level 12. HP: 23/81 MP: 4/18
 25102 | D:11     | Noticed a two-headed ogre
 25269 | D:11     | Reached skill level 10 in Fire Magic
 25436 | D:11     | Noticed a boulder beetle
 25503 | Lair:1   | Entered Level 1 of the Lair of Beasts
 25791 | D:11     | Reached skill level 5 in Spellcasting
 26744 | Lair:1   | Learned a level 3 spell: Ozocubu's Armour
 26920 | Lair:1   | Reached skill level 1 in Ice Magic
 27784 | Lair:2   | Found a staircase to the Swamp.
 28345 | Lair:2   | Reached skill level 5 in Ice Magic
 28687 | D:2      | Bought the ring of the Tortoise {AC+8} for 1664 gold pieces
 28687 | D:2      | Found the ring of the Tortoise {AC+8}
 28976 | D:11     | Noticed an ogre mage
 29118 | D:11     | Noticed a two-headed ogre
 29126 | D:11     | Killed a two-headed ogre
 29235 | D:11     | Killed a boulder beetle
 29679 | Lair:2   | Found a hole to the Spider Nest.
 29817 | Lair:2   | Learned a level 4 spell: Olgreb's Toxic Radiance
 30242 | Lair:3   | Found a frozen archway.
 30253 | Lair:3   | Reached skill level 1 in Poison Magic
 30253 | Lair:3   | Reached XP level 13. HP: 88/88 MP: 9/21
 30300 | IceCv    | Entered an ice cave
 31375 | Lair:3   | Noticed Gastronok
 31384 | Lair:3   | Killed Gastronok
 31730 | Lair:3   | Learned a level 2 spell: Wereblood
 32483 | Lair:3   | Found the +4 robe of Folly {Brill Will-∞ Int+8}
 33099 | Lair:4   | Reached skill level 1 in Transmutations
 33490 | Lair:4   | Found a transporter.
 33609 | Lair:4   | Noticed Sonja
 33617 | Lair:4   | Killed Sonja
 33967 | Lair:4   | Found a runed translucent door.
 34060 | Lair:4   | Found a transporter.
 34063 | Lair:4   | Noticed wormed's ghost (journeyman MiBe)
 34214 | Lair:5   | Entered Level 5 of the Lair of Beasts
 34770 | Lair:5   | Reached skill level 10 in Dodging
 34991 | Lair:5   | Identified the ring "Sucuu" {Fire *Corrode MP+9 Str+5}
 35035 | Lair:5   | Reached skill level 5 in Air Magic
 35094 | Lair:5   | Learned a level 5 spell: Irradiate
 35316 | Lair:5   | Reached skill level 5 in Transmutations
 35318 | Lair:5   | Reached XP level 14. HP: 97/97 MP: 23/23
 38591 | D:11     | Noticed Maurice
 38724 | D:11     | Killed Maurice
 39745 | D:11     | HP: 2/97 [centaur warrior/+0 mace (5)]
 40538 | D:11     | Reached XP level 15. HP: 101/101 MP: 22/24
 40932 | D:11     | Reached skill level 10 in Air Magic
 41019 | D:11     | Got the Elucidation of Combustion
 41027 | D:11     | Got Udghelor's Tome of Clouds and Ill Luck
 41554 | D:11     | Reached skill level 10 in Transmutations
 41903 | D:8      | Bought a scroll of fear for 64 gold pieces
 41903 | D:8      | Bought a scroll of magic mapping for 120 gold pieces
 41903 | D:8      | Bought an Inescapable Atlas for 512 gold pieces
 41906 | D:8      | Learned a level 2 spell: Blink
 42056 | Orc:1    | Entered Level 1 of the Orcish Mines
 42224 | Orc:1    | Found a runed translucent door.
 42225 | Orc:1    | Found a shimmering altar of Xom.
 42225 | Orc:1    | Noticed Wekumecuw's ghost (journeyman DsFi)
 42599 | Orc:1    | Found Hetoemih's Jewellery Shoppe.
 42797 | Orc:2    | Entered Level 2 of the Orcish Mines
 42801 | Orc:2    | Noticed Azrael
 42873 | Orc:2    | Noticed an orc warlord
 42938 | Orc:1    | Killed Azrael
 43086 | Orc:1    | Reached skill level 1 in Evocations
 43091 | Orc:1    | Killed an orc warlord
 43872 | Orc:2    | Found a staircase to the Elven Halls.
 44136 | Orc:2    | Noticed Donald
 44146 | Orc:2    | Killed Donald
 44919 | Orc:2    | Noticed an orc warlord
 45321 | Orc:2    | HP: 2/101 [orc knight/+1 heavy great sword (61)]
 45323 | Orc:2    | Shot with a bolt by an orc knight

Illustrated notes

Levels and vault maps discovered:
D:1:      minmay_arrival_stair_chambers, layout_basic
D:2:      layout_loops_ring, basic_altar, serial_shops, shop,
          grunt_ministairs_11
D:3:      layout_rooms, lightli_sewer_entry_pipes, uniq_robin
D:4:      layout_rooms
D:5:      cheibrodos_quashed, layout_rooms, kennysheep_generic_room_3,
          uniq_prince_ribbit1, uniq_menkaure
D:6:      layout_basic, gammafunk_temple_overflow_elements, uniq_blork_the_orc
D:7:      minmay_octagon_keep, layout_basic, bloody_makhleb,
          minmay_temple_entry_antechambers
D:8:      layout_rooms, nicolae_kikubaaqudgha_miasma_corner,
          nicolae_nh_oracle_at_delphi
D:9:      layout_irregular_city, uniq_amaemon, uniq_grum
D:10:     layout_layer_cave, roderic_serpentine_path, nicolae_fountain_basement
D:11:     minmay_the_grid_square_5x5_5x5_mashed
          [minmay_the_grid_square_5x5_eight,
          minmay_the_grid_square_5x5_gyroscope,
          minmay_the_grid_square_5x5_n_small,
          minmay_the_grid_square_5x5_half_checkered,
          minmay_the_grid_square_5x5_meh, minmay_the_grid_square_5x5_empty,
          minmay_the_grid_square_5x5_prize_waves,
          minmay_the_grid_square_5x5_six,
          minmay_the_grid_square_5x5_prize_deathbox,
          minmay_the_grid_square_5x5_dogpile, minmay_the_grid_square_5x5_fat_x,
          minmay_the_grid_square_5x5_shuriken,
          minmay_the_grid_square_5x5_prize_gold,
          minmay_the_grid_square_5x5_spiral_small,
          minmay_the_grid_square_5x5_two, minmay_the_grid_square_5x5_three,
          minmay_the_grid_square_5x5_prize_pseudospiral,
          minmay_the_grid_square_5x5_corner,
          minmay_the_grid_square_5x5_prize_itemx,
          minmay_the_grid_square_5x5_detours,
          minmay_the_grid_square_5x5_inner_i,
          minmay_the_grid_square_5x5_inverted_slash,
          minmay_the_grid_square_5x5_bracketed,
          minmay_the_grid_square_5x5_inner_v, minmay_the_grid_square_5x5_bite],
          layout_basic, lair_entry_dummy, erik_orc_1, special_room
          [special_room_bee], uniq_maurice
D:12:     layout_basic, nicolae_trove_entry_crystal, minmay_beelzebubs_servants
Temple:   nicolae_temple_two_arcs
Lair:1:   layout_hall_layers
Lair:2:   layout_small_grid, swamp_mist, spider_nest_entry_web_field
Lair:3:   layout_regular_city, portal_ice_cave_entry_pillars_1,
          dreamdust_deal_with_the_devil, grunt_megastairs_4,
          lemuel_fruit_fields, infiniplex_staircase_pool_2, uniq_gastronok
Lair:4:   layout_small_grid, slime_entry_2, gammafunk_ghost_berserking_beasts,
          lemuel_fruit_tree, uniq_sonja
Lair:5:   gammafunk_lair_ancient_temple, layout_regular_city,
          gauntlet_entry_generic, bobbens_dragon_lair_wall
Orc:1:    layout_caves, serial_shops, nicolae_shop_waterfront, ebering_ghost_xom
Orc:2:    hellmonk_orc_salted, layout_caves, basic_altar, uniq_azrael,
          uniq_donald

Skill      XL: |  1  2  3  4  5  6  7  8  9 10 11 12 13 14 15 |
---------------+----------------------------------------------+-----
Stealth        | 3 4 5 6 7 10 12 14 15 | 15.0
Conjurations   | 2 3 7 8 |  8.0
Fire Magic     | 4 5 6 7 9 10 | 10.0
Fighting       | 1 2 4 5 6 7 9 |  9.0
Dodging        | 3 4 6 7 8 10 | 10.0
Air Magic      | 1 2 5 9 10 | 10.9
Translocations | 1 2 3 |  3.0
Spellcasting   | 4 5 6 |  6.4
Ice Magic      | 5 |  5.0
Poison Magic   | 1 4 |  4.0
Transmutations | 5 9 10 | 10.7
Evocations     | 3 |  3.2

Action                   |  1- 3 |  4- 6 |  7- 9 | 10-12 | 13-15 || total
-------------------------+-------+-------+-------+-------+-------++-------
Melee: Staff             |     4 |     6 |    12 |    18 |    23 ||    63
       Constrict         |     2 |     2 |     3 |     9 |     6 ||    22
       Tentacles         |     1 |     2 |     6 |    11 |    28 ||    48
       Short sword       |       |     4 |     1 |       |     2 ||     7
       Punch             |       |       |     1 |     1 |     3 ||     5
       Scimitar          |       |       |       |     9 |     6 ||    15
       Demon whip        |       |       |       |    21 |    50 ||    71
 Fire: Hand crossbow     |       |       |       |     3 |     5 ||     8
Throw: Dart              |       |       |       |    14 |     5 ||    19
       Boomerang         |       |       |       |       |     2 ||     2
 Cast: Foxfire           |    71 |    81 |   249 |   321 |   349 ||  1071
       Scorch            |       |    14 |    70 |   231 |   374 ||   689
       Flame Wave        |       |       |       |    13 |    80 ||    93
       Ozocubu's Armour  |       |       |       |     4 |    43 ||    47
       Kindle Blastspark |       |       |       |     1 |     2 ||     3
       Irradiate         |       |       |       |       |     9 ||     9
       Olgreb's Toxic Ra |       |       |       |       |     2 ||     2
Invok: Potion Petition   |       |       |       |       |     1 ||     1
Evoke: Wand              |       |       |       |     6 |    11 ||    17
       Tin of tremorston |       |       |       |       |     2 ||     2
       Phial of floods   |       |       |       |       |     1 ||     1
  Use: Scroll            |       |       |    10 |    15 |     9 ||    34
       Potion            |       |       |       |     4 |     3 ||     7
 Stab: Sleeping          |       |     3 |     1 |       |       ||     4
       Distracted        |       |       |       |     1 |     1 ||     2
Armor: Skin              |     3 |       |       |    10 |   108 ||   121
Dodge: Dodged            |    29 |    18 |    30 |   208 |   550 ||   835

Table legend: (Time is in decaauts)
 A = Elapsed time spent in this place.
 B = Non-inter-level travel time spent in this place.
 C = Inter-level travel time spent in this place.
 D = Time resting spent in this place.
 E = Time spent auto-exploring this place.
 F = Levels seen in this place.
 G = Mean time per level.
                   A        B        C        D        E       F      G
               +--------+--------+--------+--------+--------+-----+--------+
         Total |  45418 |  42157 |   3261 |  21301 |  13956 |  22 | 2064.5 |
       Dungeon |  30461 |  27828 |   2633 |  15051 |   8689 |  12 | 2538.4 |
        Temple |     25 |      9 |     16 |      0 |      5 |   1 |   25.0 |
          Lair |   9502 |   9000 |    502 |   3402 |   3758 |   5 | 1900.4 |
  Orcish Mines |   3277 |   3169 |    108 |   1504 |   1032 |   2 | 1638.5 |
         Sewer |   1271 |   1271 |      0 |    652 |    469 |   1 | 1271.0 |
      Ice Cave |    879 |    879 |      0 |    691 |      3 |   1 |  879.0 |
               +--------+--------+--------+--------+--------+-----+--------+

Top non-repeatable levels by time:
    D:11: 7637 daAuts
    D:10: 3736 daAuts
     D:9: 3028 daAuts
  Lair:5: 2800 daAuts
     D:7: 2629 daAuts
     D:2: 2609 daAuts
     D:4: 2504 daAuts
     D:8: 1864 daAuts
     D:6: 1848 daAuts
  Lair:1: 1783 daAuts
  Lair:3: 1779 daAuts
   Orc:1: 1776 daAuts
  Lair:2: 1656 daAuts
     D:3: 1550 daAuts
     D:1: 1542 daAuts
